 Dungeon Crawl Stone Soup version 0.28.0 (webtiles) character file.

Game seed: 10646298398054252090

176 KittyKat the Skirmisher (level 5, -17/42 HPs)
             Began as a Demonspawn Gladiator on Feb 13, 2022.
             Was an Initiate of Yredelemnul.
             Demolished by an orc warrior (20 damage)
             ... on level 4 of the Dungeon.
             The game lasted 00:08:08 (2878 turns).

KittyKat the Skirmisher (Demonspawn Gladiator)      Turns: 2878, Time: 00:08:12

Health: -17/42     AC:  8    Str: 17    XL:     5   Next: 30%
Magic:  5/5        EV: 10    Int:  9    God:    Yredelemnul [......]
Gold:   160        SH:  5    Dex: 14    Spells: 4/4 levels left

rFire   . . .      SeeInvis .   a - +0 long sword
rCold   . . .      Faith    .   (no shield)
rNeg    . . .      Spirit   .   p - +0 scale mail
rPois   .          Reflect  +   (helmet restricted)
rElec   .          Harm     .   (no cloak)
rCorr   .          Rampage  .   (no gloves)
Will    .....                   (no boots)
Stlth   ..........              g - amulet of reflection
HPRegen 0.14/turn               (no ring)
MPRegen 0.09/turn               (no ring)

@: no status effects
A: horns 1, yellow scales 1, spiny 1
a: Renounce Religion, Recall Undead Harvest


You were on level 4 of the Dungeon.
You worshipped Yredelemnul.
Yredelemnul was noncommittal.
You visited 1 branch of the dungeon, and saw 4 of its levels.

You collected 160 gold pieces.

Inventory:

Hand Weapons
 a - a +0 long sword (weapon)
Missiles
 d - 3 throwing nets (quivered)
Armour
 p - a +0 scale mail (worn)
Jewellery
 g - an amulet of reflection (around neck)
Scrolls
 b - a scroll of fog {unknown}
 c - a scroll of summoning {unknown}
 e - a scroll of fear {unknown}
 f - a scroll of blinking {unknown}
 h - 4 scrolls of identify {unknown}
 i - 2 scrolls of magic mapping {unknown}
 j - a scroll of amnesia {unknown}
 k - a scroll of acquirement {unknown}
 m - a scroll of teleportation {unknown}
Potions
 l - a potion of resistance {unknown}
 n - a potion of heal wounds {unknown}
 o - a potion of invisibility {unknown}
 q - a potion of lignification {unknown}
 r - a potion of attraction {unknown}


   Skills:
 * Level 4.1 Fighting
 + Level 3.9 Long Blades
 - Level 1.8 Throwing
 - Level 1.1 Armour
 - Level 2.7 Dodging
 - Level 0.4 Stealth


You had 4 spell levels left.
You didn't know any spells.
Your spell library contained the following spells:

 Spells                   Type           Power      Damage    Failure   Level
 Confusing Touch          Hex            0%         N/A       99%         3
 Airstrike                Air            0%         N/A       100%        4
 Summon Lightning Spire   Summ/Air       0%         N/A       100%        4
 Lightning Bolt           Conj/Air       0%         1d11      100%        5
 Yara's Violent Unravell  Hex/Tmut       0%         3d3       100%        5
 Enfeeble                 Hex            0%         N/A       100%        7


Dungeon Overview and Level Annotations

Branches:
Dungeon (4/15)
 Temple: D:4-7

Altars:
Yredelemnul
The Shining One


Innate Abilities, Weirdness & Mutations

You have a pair of small horns on your head.
You are partially covered in yellow scales. (AC +2)
You are partially covered in sharp spines.


Message History

The kobold shouts!
You hit the orc wizard but do no damage.
The orc wizard gestures wildly while chanting.
The orc wizard flickers and vanishes!
Deactivating autopickup; reactivate with Ctrl-A.
You miss something. Something hits your ball python zombie.
An orc comes into view. It is wielding a +0 club.
You barely miss something. You closely miss the orc warrior.
Your headbutt misses the orc warrior.
Your ball python zombie bites the orc warrior but does no damage.
Your ball python zombie closely misses the orc warrior.
The orc warrior closely misses you. Something hits your ball python zombie.
You slash the orc warrior!
The orc warrior is heavily wounded.
Your ball python zombie bites the orc warrior.
Your ball python zombie closely misses the orc warrior.
The orc warrior is struck by your spines.
The orc warrior hits you with a +0 long sword!
Something hits your ball python zombie.
Your ball python zombie is destroyed!
You hit the orc warrior.
The orc warrior is heavily wounded.
You block the orc warrior's attack. Something hits your hobgoblin zombie.
Your hobgoblin zombie hits the orc warrior.
You hit the orc warrior but do no damage.
The orc warrior is severely wounded.
The orc warrior hits you with a +0 long sword!
* * * LOW HITPOINT WARNING * * *
Something hits your hobgoblin zombie.
Your hobgoblin zombie barely misses the orc warrior.
The orc warrior is struck by your spines.
The orc warrior hits you with a +0 long sword!
* * * LOW HITPOINT WARNING * * *
You hit the orc warrior but do no damage.
The orc warrior is severely wounded.
Something hits your hobgoblin zombie.
Your hobgoblin zombie is destroyed!
The orc warrior hits you with a +0 long sword!!
You die...
Your body rises from the dead as a mindless zombie.

#### ###### ##....
#....# #......
####...##########.......
.................oKo....
######..........@##.....
# ###########..# ### ##
##...## .# ##.....# .##
#......## ..#
##.......## ..#
##...#.....## ..##
##...##......# ## ...#
##...###......###.#


You could see an orc warrior, an orc and a kobold.

Vanquished Creatures
  An ogre (D:4)
  An iguana (D:4)
  2 adders
  A worm (D:3)
  2 dart slugs
  A ball python (D:4)
  3 endoplasms
  2 giant cockroaches
  5 goblins
  4 hobgoblins
  2 jackals (D:1)
  2 quokkas
  A ball python zombie (D:3)
  4 bats
  2 frilled lizards
  3 kobolds
  A quokka zombie (D:3)
  5 rats
42 creatures vanquished.

Vanquished Creatures (others)
  A ball python zombie (D:4)
  A hobgoblin zombie (D:4)
  A spectral endoplasm (D:4)
  A fungus (D:1)
4 creatures vanquished.

Grand Total: 46 creatures vanquished

Notes
Turn   | Place    | Note
-------+----------+-------------------------------------------
     0 | D:1      | KittyKat the Demonspawn Gladiator began the quest for the
                  | Orb.
     0 | D:1      | Reached XP level 1. HP: 16/16 MP: 1/1
   129 | D:1      | Found a faded altar of an unknown god.
   378 | D:1      | Gained mutation: You have a pair of small horns on your
                  | head. [demonic ancestry]
   378 | D:1      | Reached XP level 2. HP: 6/22 MP: 2/2
  1092 | D:2      | Gained mutation: You are partially covered in sharp spines.
                  | [demonic ancestry]
  1092 | D:2      | Reached XP level 3. HP: 20/28 MP: 3/3
  1533 | D:3      | Reached skill level 1 in Armour
  2300 | D:3      | Found a basalt altar of Yredelemnul.
  2308 | D:3      | Became a worshipper of Yredelemnul the Dark
  2444 | D:4      | Noticed an ogre
  2460 | D:4      | Killed an ogre
  2461 | D:4      | Reached skill level 3 in Fighting
  2461 | D:4      | Gained mutation: You are partially covered in yellow
                  | scales. (AC +2) [demonic ancestry]
  2461 | D:4      | Reached XP level 4. HP: 10/37 MP: 4/4
  2461 | D:4      | Reached XP level 5. HP: 12/42 MP: 5/5
  2753 | D:4      | Reached skill level 4 in Fighting
  2868 | D:4      | Noticed an orc warrior
  2877 | D:4      | HP: 2/42 [orc warrior (9)]
  2878 | D:4      | Demolished by an orc warrior

Illustrated notes

Levels and vault maps discovered:
D:1:      dpeg_arrival_fog, layout_loops_corners, serial_forest,
          infiniplex_forest_clump_diagonal, infiniplex_forest_end_1,
          infiniplex_forest_straight_4, infiniplex_forest_clump_small,
          infiniplex_forest_pool, infiniplex_forest_split,
          shapermc_ecumenical_altar_mp_urbaneastern, hex_medium,
          chequers_mini_garden
D:2:      layout_basic, chequers_garden
D:3:      layout_loops_ring, lemuel_zombie_altar_yredelemnul, tso_metal_star
D:4:      layout_cave_pods

Skill      XL: |  1  2  3  4  5 |
---------------+----------------+-----
Long Blades    | 3 |  3.9
Armour         | 1 |  1.1
Fighting       | 3 4 |  4.1
Throwing       | |  1.8
Dodging        | |  2.7
Stealth        | |  0.4

Action                   |  1- 3 |  4- 6 || total
-------------------------+-------+-------++-------
Melee: Long sword        |    95 |    18 ||   113
       Headbutt          |     8 |       ||     8
Armor: Ring mail         |    15 |       ||    15
       Scale mail        |     2 |       ||     2
Dodge: Dodged            |    37 |    11 ||    48
Block: Other             |     9 |     2 ||    11
